Map: [ESL] Inside and Out

Players

GuMiho

  • Race: Terran Terran
  • Spawn Location: 1:00

GungFuBanDa - Winner!

  • Race: Protoss Protoss
  • Spawn Location: 7:00

Event: DreamHack SC2 Masters 2022 Atlanta (Offline)

VOD

Have the link to the VOD?

Description

Time

  • Played on: Nov. 18, 2022, 7:04 p.m.
  • Length: 25:43

All games in this series

Show
View Real Time Build Order
Export as new Build Order

GuMiho Terran 

Build Orders: Cyclone Opening 

Get SALT Encoding   

  12  0:01  SCV  
  13  0:13  SCV  
  14  0:17  Supply Depot  
  14  0:25  SCV  
  15  0:38  SCV  
  15  0:40  Barracks  
  16  0:43  Refinery  
  16  0:50  SCV  
  16  0:52  Refinery  
  17  1:03  SCV  
  18  1:15  SCV  
  19  1:27  Supply Depot, Reaper, Orbital Command  
  20  1:41  Factory  
  20  1:53  SCV  
  21  1:59  Reaper  
  22  2:05  SCV  
  23  2:18  Command Center  
  23  2:22  SCV  
  24  2:25  Factory Tech Lab  
  24  2:32  Barracks Reactor  
  24  2:34  SCV  
  25  2:42  Supply Depot  
  25  2:43  Cyclone  
  28  2:47  SCV  
  29  2:59  SCV  
  29  3:01  Barracks  
  30  3:09  Marine  
  30  3:12  SCV  
  32  3:15  Cyclone  
  35  3:27  SCV  
  35  3:29  Marine  
  35  3:30  Marine  
  38  3:36  Barracks, Orbital Command  
  38  3:40  SCV  
  38  3:47  Siege Tank  
  40  3:49  Marine x2  
  40  3:52  Barracks Tech Lab  
  40  3:54  SCV  
  43  4:02  Supply Depot, SCV  
  44  4:06  SCV  
  44  4:07  Marine  
  44  4:08  Marine  
  47  4:13  Marine  
  47  4:15  Stimpack  
  47  4:16  SCV  
  49  4:19  SCV  
  50  4:25  Siege Tank  
  50  4:26  Barracks Tech Lab  
  50  4:28  SCV, Marine  
  50  4:29  Marine  
  56  4:32  SCV  
  56  4:38  Supply Depot  
  57  4:40  Supply Depot, Marine  
  57  4:41  SCV  
  57  4:44  Combat Shield  
  59  4:49  SCV  
  60  4:53  SCV  
  60  4:56  Marine  
  60  4:59  Marine x2  
  64  5:01  SCV  
  64  5:03  Starport  
  64  5:04  Factory Reactor  
  64  5:05  Engineering Bay, SCV  
  66  5:09  Supply Depot  
  66  5:11  Marine  
  66  5:12  Refinery  
  66  5:13  SCV  
  68  5:17  SCV  
  68  5:18  Marine x2  
  70  5:26  SCV  
  71  5:29  SCV  
  71  5:33  Marine x2  
  74  5:37  Terran Infantry Weapons Level 1  
  74  5:38  SCV  
  74  5:41  Marine x2  
  74  5:42  SCV  
  77  5:54  SCV x2  
  83  5:57  Supply Depot  
  83  5:58  Supply Depot, Medivac  
  83  6:01  Medivac  
  83  6:05  Refinery  
  83  6:13  SCV x2  
  83  6:18  Marauder  
  83  6:19  Marauder  
  83  6:23  Siege Tank  
  83  6:25  Command Center  
  88  6:29  Barracks  
  88  6:32  Barracks  
  88  6:34  Marine x2  
  91  6:40  Reaper, Marauder  
  91  6:44  Medivac  
  91  6:45  Medivac  
  97  6:49  Concussive Shells  
  97  6:50  SCV x2  
  99  6:57  Siege Tank  
  102  7:07  SCV x2  
  104  7:10  Ghost Academy  
  104  7:14  Supply Depot  
  104  7:18  Supply Depot, Barracks Tech Lab  
  104  7:20  Missile Turret  
  104  7:22  Barracks Reactor  
  104  7:23  Supply Depot, Marine  
  104  7:25  Supply Depot  
  104  7:27  SCV x2  
  107  7:34  Terran Infantry Armor Level 1  
  107  7:36  Marine  
  108  7:39  SCV x2  
  110  7:46  Medivac  
  110  7:47  Medivac  
  115  7:51  SCV, Orbital Command  
  115  7:52  SCV  
  117  7:59  Sensor Tower  
  117  8:00  Ghost  
  117  8:03  SCV  
  117  8:04  SCV  
  117  8:05  Refinery x2  
  116  8:06  Missile Turret  
  116  8:09  Ghost  
  116  8:11  Supply Depot  
  117  8:22  Command Center  
  117  8:24  Armory  
  117  8:25  Engineering Bay  
  117  8:28  SCV x3  
  117  8:31  Enhanced Shockwaves  
  120  8:40  SCV x3  
  123  8:41  Viking  
  123  8:44  Factory Reactor  
  125  8:58  Supply Depot  
  125  9:04  Ghost x3  
  125  9:06  SCV x3  
  134  9:12  Barracks  
  134  9:15  Barracks, Medivac x2  
  134  9:16  Barracks  
  136  9:18  Marine x2  
  136  9:19  Marine x2  
  136  9:22  Widow Mine x2  
  136  9:23  SCV x3  
  147  9:28  Terran Infantry Weapons Level 2  
  147  9:33  Marine  
  147  9:39  Ghost  
  153  9:45  Widow Mine x2  
  153  9:46  Marauder  
  153  9:51  Marauder  
  153  9:52  SCV x3  
  159  9:57  Terran Infantry Armor Level 2  
  159  10:09  Missile Turret  
  159  10:12  Sensor Tower  
  159  10:13  Missile Turret  
  159  10:15  Planetary Fortress  
  159  10:18  Marauder x3, Marine x2  
  166  10:25  SCV x2  
  166  10:26  SCV  
  169  10:29  Barracks Tech Lab, Marauder  
  169  10:30  Barracks Reactor  
  171  10:38  Marine x2  
  171  10:39  Marauder x2, Marine x2  
  179  10:42  Supply Depot  
  179  10:43  Supply Depot  
  179  10:44  Supply Depot  
  179  10:45  Command Center  
  179  10:46  Refinery  
  179  10:48  Refinery  
  179  11:22  Marauder x2  
  183  11:27  Marauder x3, Marine  
  190  11:36  Terran Vehicle Weapons Level 1  
  190  11:42  Personal Cloaking, Ghost  
  190  11:43  Marauder  
  184  11:48  Ghost  
  184  11:53  Marauder x2  
  179  11:59  Orbital Command  
  177  12:07  Marine  
  177  12:08  Marauder  
  178  12:12  Marauder, Marine x2  
  178  12:13  Marine x2  
  178  12:14  Marauder, Marine  
  178  12:15  Marauder  
  188  12:16  Widow Mine x2  
  188  12:17  Marauder  
  186  12:25  Missile Turret, Marine  
  186  12:27  Missile Turret  
  186  12:28  Missile Turret  
  186  12:29  Sensor Tower, Marauder  
  186  12:30  Marine x2  
  186  12:33  Marauder  
  186  12:36  Marauder  
  180  12:42  Marauder x2, Marine x3  
  180  12:43  Marine  
  155  12:45  Medivac x2, Widow Mine x2  
  155  12:47  Marine x2  
  155  12:51  Marauder  
  167  12:55  Marauder, Starport  
  167  12:57  Marauder  
  171  13:00  Marine x3  
  171  13:01  Starport, Marine  
  171  13:02  Terran Infantry Weapons Level 3, Terran Infantry Armor Level 3  
  171  13:03  Marauder  
  171  13:04  Marauder  
  171  13:05  Marine  
  179  13:08  Nuke  
  179  13:12  Marauder  
  182  13:14  Command Center  
  182  13:16  Medivac x2, Marauder  
  182  13:17  Widow Mine  
  190  13:30  Terran Ship Weapons Level 1  
  190  13:37  Ghost  
  192  13:42  Missile Turret  
  192  13:46  Viking x2  
  191  14:06  Starport Tech Lab  
  191  14:07  Starport Reactor  
  191  14:10  Planetary Fortress  
  191  14:11  Fusion Core  
  191  14:16  Medivac x2  
  187  14:37  Marauder  
  187  14:38  Marauder  
  144  14:47  Marine  
  144  14:48  Liberator x2, Marauder x2, Marine x5  
  146  14:56  Marauder  
  146  14:58  Liberator x3  
  146  14:59  Marauder  
  155  15:02  Orbital Command  
  155  15:09  Missile Turret  
  155  15:10  Missile Turret  
  155  15:11  Missile Turret  
  155  15:12  Missile Turret  
  155  15:18  Widow Mine x2  
  159  15:24  Ghost x2  
  159  15:27  Missile Turret, Terran Ship Weapons Level 2  
  163  15:29  Marauder x2, Marine x2  
  163  15:33  Marauder, Marine x2  
  173  15:42  Advanced Ballistics  
  173  15:44  Marine x2  
  175  15:51  Marauder x2  
  175  15:52  Sensor Tower  
  175  15:53  Marauder, Marine  
  175  15:54  Marauder, Marine  
  185  15:59  Marauder, Marine x2  
  185  16:02  Marine x2  
  189  16:11  Marine x2  
  189  16:12  Marauder x2  
  189  16:13  Widow Mine x2  
  189  16:17  Marine  
  200  16:22  Hi-Sec Auto Tracking, Neosteel Armor  
  193  16:40  Marauder  
  195  16:48  Marauder, Marine x2  
  196  17:17  Liberator  
  196  17:20  Liberator  
  196  17:21  Liberator x3  
  199  17:29  Ghost x2  
  179  17:30  Marine x3  
  179  17:31  Marauder, Marine x3  
  179  17:35  Marine  
  179  17:36  Marauder  
  189  17:48  Marine x4  
  189  17:49  Command Center, Marine x2  
  190  17:51  Marine  
  190  17:53  Marine  
  190  17:57  Marine  
  185  17:58  Marine  
  185  17:59  Marauder  
  179  18:06  Marine x2  
  179  18:10  Marauder, Marine  
  179  18:11  Marine x3  
  179  18:12  Marauder  
  183  18:15  Marauder  
  183  18:17  Marauder  
  187  18:20  Marauder  
  187  18:24  Marine x2  
  191  18:28  Marine x2  
  191  18:31  Marauder, Marine x2  
  191  18:33  Marauder  
  197  18:36  Marauder  
  197  18:38  Marauder  
  198  18:41  Marauder  
  191  18:53  Marauder, Marine x3  
  191  18:54  Liberator x2, Marauder  
  191  18:55  Liberator x2  
  168  18:56  Liberator  
  168  18:58  Marauder  
  168  18:59  Marauder  
  168  19:02  Marine  
  175  19:03  Marauder  
  175  19:05  Widow Mine  
  179  19:10  Marine  
  179  19:14  Marauder  
  179  19:16  Marauder  
  182  19:19  Marauder, Marine x3  
  182  19:21  Marauder  
  191  19:24  Marauder  
  191  19:26  Missile Turret  
  191  19:36  Marauder  
  191  19:37  Marauder  
  189  19:41  Marauder  
  178  19:47  Widow Mine x2  
  182  20:09  Widow Mine  
  182  20:12  Ghost x2  
  182  20:14  Marauder x2, Marine x2  
  181  20:19  Sensor Tower  
  183  20:30  Missile Turret  
  183  20:39  Ghost x2  
  185  21:02  Ghost  
  185  21:03  Ghost x2  
  177  21:16  Ghost x2  
  169  21:30  Marine x2  
  169  21:31  Marine  
  169  21:32  Marauder x3  
  124  21:40  Planetary Fortress  
  124  21:45  Marauder x2  
  124  21:53  Marauder, Marine x3  
  129  22:02  Missile Turret  
  126  22:08  Sensor Tower  
  110  22:21  Marauder x2  
  112  22:25  Marine x2  
  112  22:26  Marauder  
  114  22:34  Orbital Command  
  106  22:43  Marauder x2, Marine x3  
  106  22:44  Marauder  
  108  22:53  Marine x2  
  108  22:54  Marauder  
  109  23:00  Medivac  
  109  23:05  Medivac  
  113  23:12  Marauder  
  113  23:22  Orbital Command  
  113  23:23  Missile Turret  
  113  23:24  Marauder  
  115  23:29  Orbital Command  
  115  23:40  Marauder, Marine  
  115  23:41  Marauder  
  110  23:59  Widow Mine x2  
  110  24:01  Marauder x2  
  116  24:04  Marauder  
  118  24:15  Marauder x2  
  117  24:31  Marauder x2, Marine x2  
  121  24:32  Marine  
  74  24:55  Marauder x3, Marine  
  74  24:56  Marauder  
  74  24:59  Marine  
  82  25:00  Marine  
  82  25:04  Marine  
  82  25:06  Marine  
  76  25:22  Marauder x2  
  76  25:24  Marine  
Show
View Real Time Build Order
Export as new Build Order

GungFuBanDa Protoss - Winner!

Build Orders: 1 Gate Expand, Blink Stalkers, Colossus Rush 

Get SALT Encoding   

  12  0:00  Probe  
  13  0:12  Probe  
  14  0:17  Pylon  
  14  0:25  Probe (Chrono Boost)  
  15  0:36  Gateway  
  15  0:37  Probe (Chrono Boost)  
  16  0:44  Probe (Chrono Boost)  
  16  0:46  Assimilator  
  17  0:51  Probe  
  18  1:03  Probe  
  19  1:15  Probe  
  20  1:25  Cybernetics Core  
  20  1:33  Nexus  
  20  1:37  Probe  
  21  1:43  Assimilator  
  21  1:48  Pylon  
  21  1:50  Probe  
  22  2:02  Warp Gate, Probe  
  22  2:04  Adept (Chrono Boost)  
  25  2:14  Probe  
  26  2:26  Probe, Stalker  
  29  2:40  Twilight Council, Probe (Chrono Boost)  
  30  2:45  Probe (Chrono Boost)  
  32  2:54  Probe (Chrono Boost)  
  32  2:55  Probe (Chrono Boost)  
  32  2:56  Stalker  
  32  2:57  Shield Battery  
  35  3:09  Probe  
  36  3:14  Probe  
  36  3:18  Blink (Chrono Boost)  
  35  3:21  Probe  
  36  3:31  Probe (Chrono Boost)  
  36  3:33  Probe (Chrono Boost)  
  37  3:42  Robotics Facility  
  37  3:45  Probe (Chrono Boost)  
  37  3:46  Probe (Chrono Boost)  
  39  3:49  Probe (Chrono Boost)  
  39  3:51  Stalker  
  39  3:53  Probe (Chrono Boost)  
  43  3:56  Pylon  
  43  3:58  Gateway  
  44  4:04  Probe (Chrono Boost)  
  44  4:05  Probe (Chrono Boost), Assimilator  
  44  4:08  Assimilator  
  45  4:14  Probe (Chrono Boost)  
  45  4:15  Probe (Chrono Boost)  
  47  4:17  Stalker, Pylon  
  47  4:21  Pylon  
  47  4:24  Probe  
  47  4:31  Immortal  
  52  4:32  Probe  
  53  4:41  Stalker  
  53  4:42  Probe  
  53  4:44  Probe  
  57  4:48  Pylon  
  57  4:52  Sentry  
  59  4:57  Robotics Bay, Probe  
  59  4:58  Probe  
  61  5:10  Nexus  
  61  5:13  Observer  
  62  5:15  Pylon  
  62  5:17  Probe  
  63  5:23  Stalker  
  65  5:31  Stalker  
  65  5:32  Charge (Chrono Boost)  
  67  5:41  Shield Battery  
  67  5:44  Colossus (Chrono Boost)  
  73  5:54  Stalker  
  73  5:55  Stalker  
  73  5:56  Pylon  
  76  6:00  Gateway  
  76  6:03  Probe  
  77  6:11  Probe  
  77  6:24  Zealot, Stalker  
  77  6:25  Probe x2  
  79  6:28  Colossus (Chrono Boost)  
  79  6:30  Gateway  
  85  6:35  Extended Thermal Lance  
  85  6:39  Probe  
  86  6:46  Probe x2  
  88  6:47  Forge  
  88  6:58  Probe (Chrono Boost)  
  88  6:59  Probe (Chrono Boost)  
  90  7:03  Probe (Chrono Boost)  
  90  7:06  Colossus (Chrono Boost)  
  98  7:10  Probe (Chrono Boost)  
  98  7:13  Probe x2 (Chrono Boost)  
  100  7:16  Probe (Chrono Boost), Pylon  
  100  7:17  Protoss Ground Weapons Level 1 (Chrono Boost)  
  100  7:19  Probe  
  100  7:21  Probe  
  100  7:22  Pylon  
  103  7:26  Gateway  
  103  7:29  Gateway  
  103  7:30  Pylon  
  102  7:40  Stalker  
  102  7:41  Stalker  
  106  7:45  Probe x2  
  106  7:47  Probe  
  106  7:49  Observer (Chrono Boost)  
  110  7:52  Pylon  
  110  7:56  Templar Archives  
  110  7:57  Probe x2  
  112  7:59  Probe, Assimilator, Pylon  
  112  8:03  Zealot x3  
  112  8:04  Zealot, Assimilator  
  120  8:08  Robotics Facility, Observer (Chrono Boost)  
  121  8:15  Probe x2  
  121  8:16  Probe  
  121  8:18  Pylon  
  121  8:19  Photon Cannon  
  124  8:25  Disruptor  
  127  8:30  Zealot x6  
  127  8:32  Pylon  
  139  8:40  Probe  
  140  8:51  Pylon  
  140  8:54  Gravitic Drive  
  140  8:55  Disruptor  
  143  8:58  Probe, Forge  
  143  8:59  Dark Shrine  
  143  9:00  Nexus  
  143  9:01  Probe  
  145  9:06  Disruptor  
  148  9:11  Probe x2  
  148  9:13  Probe  
  151  9:20  Stalker, Protoss Ground Weapons Level 2 (Chrono Boost)  
  151  9:23  Probe x2, Photon Cannon  
  155  9:24  Shield Battery  
  155  9:25  Probe  
  156  9:35  Probe x2  
  156  9:37  Probe  
  156  9:38  Zealot, Protoss Ground Armor Level 1 (Chrono Boost)  
  161  9:44  High Templar x2  
  165  9:47  Pylon  
  165  9:48  Archon  
  165  9:49  Pylon  
  165  9:51  Gateway  
  165  10:01  Disruptor, Observer  
  165  10:05  Warp Prism, Probe x3  
  172  10:17  Shadow Stride (Chrono Boost)  
  172  10:18  Probe x2  
  167  10:32  Gateway  
  167  10:33  Gateway, Assimilator  
  167  10:34  Assimilator  
  167  10:35  Gateway  
  167  10:36  Pylon  
  167  10:37  Disruptor  
  167  10:41  Photon Cannon  
  170  10:44  Nexus  
  170  10:45  Disruptor  
  173  10:53  Stalker x2  
  173  10:54  Zealot, High Templar x2, Pylon  
  173  10:55  Zealot x2  
  184  11:01  Archon  
  182  11:06  Protoss Ground Armor Level 2 (Chrono Boost)  
  182  11:08  Probe, Pylon  
  183  11:24  Disruptor  
  180  11:28  Stalker x8  
  196  11:33  Disruptor  
  198  11:46  Pylon  
  198  11:47  Nexus  
  182  12:12  Probe, Pylon  
  182  12:13  Nexus, Probe  
  182  12:14  Pylon  
  182  12:15  Pylon  
  162  12:23  Zealot x7  
  162  12:24  Zealot  
  162  12:25  Dark Templar  
  162  12:26  Observer, Probe x2  
  162  12:27  Probe  
  158  12:38  Probe  
  158  12:39  Probe  
  158  12:43  Observer  
  142  12:45  Probe (Chrono Boost)  
  142  12:50  Observer  
  144  12:53  Probe (Chrono Boost)  
  144  12:58  High Templar x4  
  149  12:59  Probe (Chrono Boost)  
  149  13:00  Protoss Ground Weapons Level 3 (Chrono Boost), Pylon  
  149  13:01  Probe (Chrono Boost)  
  149  13:03  Archon  
  149  13:04  Photon Cannon  
  149  13:05  Shield Battery  
  155  13:06  Nexus  
  155  13:08  Pylon  
  155  13:10  Dark Templar, Protoss Ground Armor Level 3 (Chrono Boost)  
  155  13:11  Dark Templar x2, Observer  
  161  13:12  Archon  
  161  13:13  Gravitic Boosters  
  161  13:14  Immortal  
  161  13:18  Observer  
  165  13:25  Probe x2  
  164  13:53  Stalker x9  
  164  13:54  Observer  
  180  13:59  Probe  
  180  14:00  Observer  
  180  14:02  Probe  
  178  14:04  Probe  
  179  14:11  Probe  
  179  14:13  Pylon  
  179  14:15  Pylon  
  171  14:36  Observer  
  119  14:46  Zealot x9  
  117  14:53  Immortal (Chrono Boost)  
  120  15:04  Disruptor (Chrono Boost), Probe  
  121  15:07  High Templar x5  
  121  15:08  Zealot x2, Sentry, High Templar  
  121  15:11  Archon  
  121  15:12  Archon x2  
  121  15:13  Observer, Probe  
  121  15:14  Probe  
  140  15:17  Shield Battery, Pylon  
  140  15:20  Disruptor (Chrono Boost)  
  143  15:29  Stalker x2  
  143  15:31  Assimilator  
  143  15:34  Assimilator  
  147  15:36  Zealot  
  147  15:40  Photon Cannon  
  147  15:42  Zealot x5, Stalker  
  159  15:46  Observer  
  161  15:57  Stalker  
  161  15:59  Observer, Assimilator  
  161  16:00  Assimilator  
  161  16:01  Dark Templar x2  
  161  16:02  Zealot x2  
  161  16:03  Disruptor x2 (Chrono Boost), Zealot x2, Dark Templar  
  183  16:18  Stalker  
  185  16:26  Stalker x5  
  185  16:32  Disruptor  
  184  16:41  Probe  
  184  16:45  Pylon  
  183  16:52  Stalker x4  
  191  17:00  Zealot x4  
  184  17:16  Stalker x3  
  183  17:23  Zealot x6  
  183  17:24  Disruptor  
  192  17:36  Warp Prism (Chrono Boost)  
  192  17:47  Nexus  
  192  17:48  Pylon  
  177  18:00  Zealot x9  
  186  18:10  Disruptor (Chrono Boost)  
  177  18:12  Observer (Chrono Boost)  
  177  18:25  Disruptor (Chrono Boost)  
  180  18:27  Photon Cannon  
  180  18:32  Zealot x8  
  180  18:33  Zealot  
  198  18:39  Observer  
  184  18:51  Disruptor  
  184  18:55  Stalker x9  
  174  19:01  Observer  
  192  19:13  Pylon  
  191  19:19  Dark Templar  
  191  19:20  Dark Templar x3  
  199  19:27  Photon Cannon  
  199  19:28  Photon Cannon  
  199  19:29  Pylon  
  197  19:32  Photon Cannon  
  170  19:50  Dark Templar  
  172  19:56  Stalker x3  
  172  19:57  Stalker x5  
  188  20:02  Observer, Photon Cannon  
  182  20:27  Shield Battery  
  182  20:30  Pylon  
  182  20:31  Assimilator  
  182  20:44  Nexus  
  182  20:46  Pylon  
  182  20:53  Zealot x4  
  182  20:54  Zealot x5  
  199  21:04  Nexus  
  120  21:35  Probe  
  120  21:37  Photon Cannon  
  120  21:38  Dark Templar x3  
  120  21:39  Dark Templar x6  
  136  21:46  Warp Prism  
  138  21:58  Nexus  
  138  22:18  Stalker x9  
  138  22:20  Assimilator  
  138  22:22  Pylon  
  146  22:50  Stalker x9  
  164  22:54  Shield Battery  
  164  23:05  Photon Cannon  
  162  23:19  Probe  
  163  23:39  Stalker x6  
  167  23:48  Probe  
  161  23:57  Stargate  
  161  24:08  Observer  
  161  24:16  Observer, Assimilator  
  161  24:25  Probe x2  
  163  24:32  Sentry, High Templar x4  
  163  24:33  Zealot x4  
  163  24:38  Archon x2  
  181  24:41  Nexus  
  153  24:52  Disruptor x2  
  145  24:59  Phoenix (Chrono Boost)  
  144  25:03  Assimilator  
  145  25:07  Pylon  
Tags
 
Add a new tag
Caveats
  • Supply blocks, unpowered buildings, or Contaminate may cause inaccurate times.
  • Supply counts are checked every 10 seconds.